 Dungeon Crawl Stone Soup version 0.26-a0-8-gc4d20be10f (webtiles) character file.

Game seed: 4076747059964539674, levelgen mode: deterministic

5590 HoaS the Grappler (level 10, -14/105 HPs)
             Began as a Gargoyle Berserker on May 24, 2020.
             Was a High Priest of Trog.
             Killed from afar by a molten gargoyle (19 damage)
             ... with a bolt of magma
             ... on level 9 of the Dungeon.
             The game lasted 00:17:25 (9205 turns).

HoaS the Grappler (Gargoyle Berserker)              Turns: 9205, Time: 00:17:26

Health: -14/105    AC: 20    Str: 21    XL:     10   Next: 72%
Magic:  10/10      EV:  6    Int:  8    God:    Trog [*****.]
Gold:   444        SH:  0    Dex: 12    Spells: 9/9 levels left

rFire    . . .     SeeInvis .     - Unarmed
rCold    . . .     Gourm    .   (no shield)
rNeg     + . .     Faith    .   n - +0 plate armour
rPois    ∞         Spirit   .   G - +2 hat
rElec    +         Reflect  .   (no cloak)
rCorr    +         Harm     .   (no gloves)
MR       +....                  (no boots)
Stlth    ..........             (no amulet)
HPRegen  0.27/turn              p - ring of resist corrosion
MPRegen  0.12/turn              B - ring of protection from magic

@: berserking, very quick
A: negative energy resistance 1, electricity resistance, unbreathing,
petrification resistance, rot immunity, AC +7
a: Berserk, Trog's Hand, Brothers in Arms, Renounce Religion


You were on level 9 of the Dungeon.
You worshipped Trog.
Trog was extremely pleased with you.
You were not hungry.

You visited 1 branch of the dungeon, and saw 9 of its levels.

You collected 444 gold pieces.

Inventory:

Armour
 n - a +0 plate armour (worn)
 G - a +2 hat (worn)
Jewellery
 p - a ring of resist corrosion (left hand)
 z - an uncursed ring of protection from fire
 B - a ring of protection from magic (right hand)
Wands
 e - a wand of disintegration (15)
 s - a wand of flame (17)
 y - a wand of polymorph (21)
 C - a wand of enslavement (4)
Scrolls
 a - 6 scrolls of remove curse
 d - a scroll of identify
 k - a scroll of blinking
 l - 2 scrolls of magic mapping
 m - 3 scrolls of fog
 q - a scroll of teleportation
Potions
 c - a potion of resistance
 f - 5 potions of curing
 g - 2 potions of haste
 h - 2 potions of berserk rage
 j - a potion of ambrosia
 r - 3 potions of heal wounds
 u - a potion of lignification {unknown}
 v - 2 potions of mutation
 x - a potion of flight {unknown}
 A - 2 potions of might
Comestibles
 b - 16 rations


   Skills:
 + Level 11.6 Fighting
 - Level 2.1 Armour
 - Level 1.5 Dodging
 - Level 12.0 Unarmed Combat


You had 9 spell levels left.
You didn't know any spells.
Your spell library was empty.

Dungeon Overview and Level Annotations

Branches:
Dungeon (9/15)             Temple (0/1) D:6            Lair (0/6) D:8
    Orc: D:9-12

Altars:
Cheibriados
Dithmenos
Elyvilon
Fedhas
Gozag
Nemelex Xobeh
Okawaru
Qazlal
Ru
Wu Jian
Xom
Yredelemnul
Zin

Shops:
D:4 [


Innate Abilities, Weirdness & Mutations

You are resistant to torment.
Your stone body is resilient. (AC +7)
You are immune to poison.
You resist negative energy. (rN+)
You are resistant to electric shocks. (rElec)
You can survive without breathing.
You are immune to petrification.
You are immune to rotting.


Message History

Welcome back, HoaS the Gargoyle Berserker.
Trog says: Kill them all!
Press ? for a list of commands and other information.
The molten gargoyle blasts magma at you!
The bolt of magma misses you.
The molten gargoyle blasts magma at you!
The bolt of magma hits you!!
The molten gargoyle blasts magma at you!
The bolt of magma hits you!
The molten gargoyle blasts magma at you!
The bolt of magma hits you!!
* * * LOW HITPOINT WARNING * * *
You see here a +0 mace.
The molten gargoyle barely misses you.
There is an open door here.
A red film seems to cover your vision as you go berserk!
You feel yourself moving faster!
You feel mighty!
You feel a lot more hungry.
The molten gargoyle blasts magma at you!
The bolt of magma hits you!!
You die...

≈≈≈≈≈≈.#.....###.......#
≈≈≈≈≈≈..#....'.+.......# #
≈.≈...#.....###.......# #
.#.#.#.#)...# #.......#####
#.#.#.#.....# #...(...##...
#.#.#.......# #.......##.## #
........9.# #.......)..# #
#######9## #.......#### #@#
####.#### #.# ###))#### ##.#
#..)....# ##### #..# #.......#
?...##### #.## #.......#
###.....#######.######.......+
....###..............+.......#
###.# #########.######.......#
#.#.# #.# #.......#


You could see 2 molten gargoyles.

Vanquished Creatures
  A molten gargoyle (D:9)
  A troll (D:9)
  A hungry ghost (D:7)
  Grum (D:8)
  Edmund (D:5)
  A water moccasin (D:9)
  4 porcupines (D:8)
  An orc warrior (D:8)
  An ice beast (D:4)
  A phantom (D:6)
  A sky beast (D:8)
  3 black bears
  2 ogres
  5 centaurs
  8 wolves (D:8)
  2 crocodiles (D:8)
  Blork the orc (D:5)
  3 bullfrogs (D:8)
  A gnoll sergeant (D:7)
  A water moccasin zombie (D:6)
  4 killer bees (D:7)
  4 howler monkeys
  12 wights
  A bullfrog zombie (D:7)
  A centaur zombie (D:9)
  A quasit (D:7)
  2 hounds
  2 orc priests (D:4)
  A jelly (D:7)
  11 orc wizards
  7 worker ants
  A hound skeleton (D:7)
  7 gnolls
  4 adders
  A howler monkey skeleton (D:6)
  3 shadow imps
  2 oozes (D:2)
  2 adder skeletons
  A worm (D:2)
  2 dart slugs
  3 leopard geckos
  13 orcs
  A ball python (D:1)
  12 bats
  2 giant cockroaches (D:1)
  4 goblins
  10 hobgoblins
  12 jackals (D:1)
  13 kobolds
  A quokka (D:4)
  6 frilled lizards
  A giant cockroach zombie (D:5)
  4 rats
191 creatures vanquished.

Vanquished Creatures (others)
  3 fungi (D:8)
  5 plants (D:8)
8 creatures vanquished.

Grand Total: 199 creatures vanquished

Notes
Turn   | Place    | Note
-------+----------+-------------------------------------------
     0 | D:1      | HoaS the Gargoyle Berserker began the quest for the Orb.
     0 | D:1      | Reached XP level 1. HP: 14/14 MP: 1/1
   208 | D:1      | Reached XP level 2. HP: 19/19 MP: 2/2
   479 | D:1      | Reached ** piety under Trog
   479 | D:1      | Reached XP level 3. HP: 23/24 MP: 3/3
   581 | D:1      | Reached skill level 4 in Unarmed Combat
  1071 | D:2      | Reached XP level 4. HP: 22/29 MP: 4/4
  1893 | D:3      | Reached XP level 5. HP: 24/34 MP: 5/5
  1900 | D:3      | Reached *** piety under Trog
  1904 | D:3      | Reached skill level 5 in Unarmed Combat
  2688 | D:4      | Noticed an ogre
  2695 | D:3      | Killed an ogre
  2695 | D:3      | Reached XP level 6. HP: 40/40 MP: 6/6
  2705 | D:4      | Reached skill level 5 in Fighting
  2882 | D:4      | Reached skill level 6 in Unarmed Combat
  3098 | D:4      | Found Erett's Antique Armour Boutique.
  3149 | D:4      | Reached **** piety under Trog
  3149 | D:4      | Reached XP level 7. HP: 41/44 MP: 7/7
  3502 | D:4      | Reached skill level 7 in Unarmed Combat
  3894 | D:4      | Reached XP level 8. HP: 41/52 MP: 8/8
  4045 | D:4      | Reached skill level 8 in Unarmed Combat
  4264 | D:5      | Entered Level 5 of the Dungeon
  4308 | D:5      | Noticed Blork the orc
  4320 | D:5      | Killed Blork the orc
  4547 | D:5      | Noticed Edmund
  4558 | D:5      | Killed Edmund
  5294 | D:6      | Found a shimmering altar of Xom.
  5346 | D:6      | Reached skill level 9 in Unarmed Combat
  5564 | D:6      | Found a staircase to the Ecumenical Temple.
  6221 | D:7      | Reached XP level 9. HP: 58/58 MP: 9/9
  6289 | D:7      | Found an ornate altar of the Wu Jian Council.
  6414 | D:7      | Reached skill level 10 in Unarmed Combat
  7096 | D:8      | Reached ***** piety under Trog
  7196 | D:8      | Noticed Grum
  7214 | D:8      | Killed Grum
  7214 | D:8      | Reached skill level 11 in Unarmed Combat
  7410 | D:8      | Found a blossoming altar of Fedhas.
  7709 | D:8      | Reached XP level 10. HP: 55/66 MP: 10/10
  8056 | D:8      | Found a stormy altar of Qazlal.
  8056 | D:8      | Found a basalt altar of Yredelemnul.
  8056 | D:8      | Found a sparkling altar of Nemelex Xobeh.
  8057 | D:8      | Found an opulent altar of Gozag.
  8057 | D:8      | Found a sacrificial altar of Ru.
  8058 | D:8      | Found a glowing silver altar of Zin.
  8058 | D:8      | Found a white marble altar of Elyvilon.
  8059 | D:8      | Found a snail-covered altar of Cheibriados.
  8105 | D:8      | Reached skill level 12 in Unarmed Combat
  8166 | D:8      | Reached skill level 10 in Fighting
  8247 | D:8      | Found a staircase to the Lair.
  8291 | D:8      | Found a shadowy altar of Dithmenos.
  8380 | D:8      | Found an iron altar of Okawaru.
  9011 | D:9      | Noticed a molten gargoyle
  9035 | D:9      | Killed a molten gargoyle
  9191 | D:9      | Noticed a molten gargoyle
  9193 | D:9      | Noticed a molten gargoyle
  9201 | D:9      | HP: 3/70 [molten gargoyle/bolt of magma (33)]
  9205 | D:9      | Killed from afar by a molten gargoyle

Illustrated notes

Levels and vault maps discovered:
D:1:      erik_arrival_orb_chamber, layout_basic, minmay_vboxes
D:2:      layout_basic
D:3:      layout_basic, serial_rivers, chequers_serial_rivers_micro_b,
          chequers_serial_rivers_micro_a, chequers_serial_rivers_micro_d,
          chequers_serial_rivers_micro_b, first_ration
D:4:      layout_basic, serial_shops, shop, kennysheep_generic_room_13
D:5:      layout_loops_ring, uniq_edmund, uniq_blork_the_orc
D:6:      layout_layer_cave, nicolae_overflow_crystal_walls, temple_doors_cd
D:7:      layout_basic, lemuel_round_altar
D:8:      layout_loops_ring, lemuel_round_altar, fedhas_ov_isle_minmay,
          grunt_temple_overflow_open, okawaru_gym_becter,
          minmay_lair_entry_grove, uniq_grum
D:9:      layout_roguey, minivault_8, uniq_harold

Skill      XL: |  1  2  3  4  5  6  7  8  9 10 |
---------------+-------------------------------+-----
Unarmed Combat | 4 5 6 7 9 11 12 | 12.0
Fighting       | 4 5 6 7 9 11 | 11.6
Armour         | |  2.1
Dodging        | |  1.5

Action                   |  1- 3 |  4- 6 |  7- 9 | 10-12 || total
-------------------------+-------+-------+-------+-------++-------
Melee: Unarmed           |   138 |   215 |   336 |   181 ||   870
       Punch             |     1 |     4 |    13 |     6 ||    24
Invok: Berserk           |       |     1 |       |     2 ||     3
       Trog's Hand       |       |       |     2 |       ||     2
  Use: Scroll            |       |       |    19 |     2 ||    21
  Eat: Chunk             |       |     9 |    13 |     4 ||    26
       Ration            |       |       |     1 |     1 ||     2
Armor: Animal skin       |    13 |       |       |       ||    13
       Chain mail        |    71 |   122 |   172 |       ||   365
       Plate armour      |       |       |    28 |   126 ||   154
Dodge: Dodged            |    84 |   101 |    97 |    40 ||   322

Table legend:
 A = Non-vault XP
 B = Vault XP
 C = Vault XP percentage of total XP
 D = Non-vault monster count
 E = Vault monster count
 F = Vault count percentage of total count
                 A         B        C        D         E       F
            +---------+---------+-------+---------+---------+-------
      Total |    4973 |    3014 |  37.7 |     164 |      27 |  14.1
            +---------+---------+-------+---------+---------+-------
        D:1 |      63 |       8 |  11.3 |      35 |       4 |  10.3
        D:2 |      67 |       0 |   0.0 |      19 |       0 |   0.0
        D:3 |     206 |       0 |   0.0 |      20 |       0 |   0.0
        D:4 |     842 |     132 |  13.6 |      30 |       2 |   6.2
        D:5 |     123 |     262 |  68.1 |       3 |       2 |  40.0
        D:6 |     540 |       0 |   0.0 |      11 |       0 |   0.0
        D:7 |    1045 |       0 |   0.0 |      19 |       0 |   0.0
        D:8 |    1213 |    2184 |  64.3 |      18 |      18 |  50.0
        D:9 |     874 |     428 |  32.9 |       9 |       1 |  10.0
            +---------+---------+-------+---------+---------+-------
